 Dungeon Crawl Stone Soup version 0.29.1-12-g30fa7ad0bf (webtiles) character file.

Game seed: 13913474000700245099

173653 Radix the Severer (level 17, -15/170 HPs)
             Began as a Minotaur Berserker on Jan 13, 2023.
             Was a High Priest of Trog.
             Killed from afar by a frost giant (31 damage)
             ... with a bolt of cold
             ... on level 3 of the Shoals.
             The game lasted 02:30:50 (22431 turns).

Radix the Severer (Minotaur Berserker)             Turns: 22431, Time: 02:30:51

Health: -15/170    AC: 22    Str: 37    XL:     17   Next: 43%
Magic:  16/16      EV: 13    Int:  4    God:    Trog [*****.]
Gold:   1292       SH:  0    Dex: 13    Spells: 16/16 levels left

rFire   . . .      SeeInvis .   T - +8 battleaxe (vamp)
rCold   . . .      Faith    .   (shield currently unavailable)
rNeg    . . .      Spirit   .   m - +2 plate armour
rPois   .          Reflect  .   n - +2 hood of the Assassin {Detection Stab+ Stlth++}
rElec   .          Harm     .   b - scarf {repulsion}
rCorr   .          Rampage  .   C - +2 pair of gloves
Will    ++...                   (no boots)
Stlth   +++.......              f - amulet "Loul" {+Inv Regen+ Dex+4}
HPRegen 1.18/turn               q - ring of willpower
MPRegen 0.15/turn               x - +6 ring of strength

@: repel missiles
A: horns 2, retaliatory headbutt
a: Renounce Religion, Evoke Invisibility, Berserk, Trog's Hand, Brothers in Arms


You were on level 3 of the Shoals.
You worshipped Trog.
Trog was extremely pleased with you.
You visited 4 branches of the dungeon, and saw 25 of its levels.
You also visited: Ice Cave.

You collected 3915 gold pieces.
You spent 2623 gold pieces at shops.

Inventory:

Hand Weapons
 j - a +2 vorpal executioner's axe
 A - a +0 broad axe
 L - a +3 arbalest of flaming
 T - a +8 vampiric battleaxe (weapon)
Missiles
 o - 5 throwing nets
 s - 11 javelins (quivered)
 G - 3 silver javelins
Armour
 b - a scarf of repulsion (worn)
 e - a +0 cloak
 m - a +2 plate armour (worn)
 n - the +2 hood of the Assassin (worn) {Detection Stab+ Stlth++}
   (You bought it in a shop on level 8 of the Dungeon)

   It allows the wearer to sense nearby creatures.
   It allows the wearer to make particularly effective stabbing attacks against
   helpless or unaware enemies with any weapon.
   Stlth:     It makes you much more stealthy.
 t - a +1 pair of gloves
 B - a +2 cloak
 C - a +2 pair of gloves (worn)
 E - a +1 tower shield of cold resistance
Jewellery
 f - the amulet "Loul" (around neck) {+Inv Regen+ Dex+4}
   (You acquired it on level 5 of the Dungeon)

   [amulet of regeneration]

   Dex:       It affects your dexterity (+4).
   +Inv:      It lets you turn invisible.
   Regen:     It increases your rate of health regeneration.
 k - a ring of resist corrosion
 l - a ring of see invisible
 q - a ring of willpower (left hand)
 x - a +6 ring of strength (right hand)
 D - a ring of flight
 J - a ring of poison resistance
Wands
 g - a wand of charming (35)
 p - a wand of digging (7)
 r - a wand of mindburst (46)
 y - a wand of iceblast (7)
 H - a wand of acid (12)
 P - a wand of flame (40)
 U - a wand of polymorph (11)
Scrolls
 a - 2 scrolls of summoning
 c - 6 scrolls of fear
 d - 15 scrolls of teleportation
 i - 6 scrolls of poison
 v - 4 scrolls of fog
Potions
 h - 14 potions of curing
 u - 3 potions of haste
 w - 2 potions of resistance
 z - a potion of ambrosia
 F - 3 potions of might
 K - 3 potions of heal wounds
 Q - 3 potions of magic
 R - 3 potions of cancellation


   Skills:
 - Level 20.3 Fighting
 - Level 20.3 Axes
 - Level 11.2 Armour
 - Level 10.3 Dodging
 + Level 14.6 Stealth
 - Level 3.0 Evocations


You had 16 spell levels left.
You didn't know any spells.
Your spell library was empty.

Dungeon Overview and Level Annotations

Branches:
Dungeon (15/15)            Temple (0/1) D:6            Lair (5/5) D:11
 Shoals (3/4) Lair:3       Spider (0/4) Lair:3        Slime (0/5) Lair:4
    Orc (2/2) D:11            Elf (0/3) Orc:2        Vaults (0/5) D:14
 Depths (0/4) D:15          IceCv (visited)

Altars:
Fedhas
Hepliaklqana
Makhleb
Okawaru
Trog
Uskayaw
The Shining One
Jiyva

Shops:
D:8 [   D:11 ?   Orc:2 =(!(   Shoals:3 ([*

Portals:
Trove: D:10 (give 7 scrolls of fear)

Annotations:
Orc:2 3 runed translucent doors, wingedge's ghost, journeyman PaTm


Innate Abilities, Weirdness & Mutations

You have a pair of horns on your head.
You reflexively headbutt those who attack you in melee.


Message History

The harpy simulacrum claws you! The harpy simulacrum freezes you!
The harpy simulacrum claws you but does no damage.
The harpy simulacrum closely misses you.
The harpy simulacrum misses you. The harpy simulacrum claws you!
* * * LOW HITPOINT WARNING * * *
The harpy simulacrum freezes you!
* * * LOW HITPOINT WARNING * * *
The harpy simulacrum closely misses you.
The frost giant casts a spell at you.
The bolt of cold hits the harpy simulacrum.
The harpy simulacrum completely resists.
The bolt of cold is repelled.
Okay, then.
As you read the scroll of summoning, it crumbles to dust.
Wisps of shadow whirl around you... The harpy simulacrum misses you.
You furiously retaliate!
You headbutt the harpy simulacrum.
The harpy simulacrum claws you but does no damage.
The harpy simulacrum closely misses you.
The harpy simulacrum barely misses you. The harpy simulacrum claws you.
* * * LOW HITPOINT WARNING * * *
The harpy simulacrum freezes you!!
* * * LOW HITPOINT WARNING * * *
The harpy simulacrum barely misses you. The harpy simulacrum misses you.
The harpy simulacrum claws you but does no damage. x3
Your iron troll bites the harpy simulacrum!!!
The harpy simulacrum vaporises!
Trog accepts your kill.
The alligator snapping turtle simulacrum bites you but does no damage.
You feel much better. The harpy simulacrum claws you!
* * * LOW HITPOINT WARNING * * *
The harpy simulacrum freezes you!
* * * LOW HITPOINT WARNING * * *
The harpy simulacrum barely misses you.
The harpy simulacrum claws you but does no damage. x2
Your iron troll bites the frost giant!
Your iron troll claws the frost giant but does no damage.
Your iron troll claws the frost giant.
The frost giant points at you and mumbles some strange words.
The bolt of cold hits you!!
You die...

~~~~≈≈~~≈≈≈~..........
~~~~~~~~~~~~............
~~~~~~~~~~~...........~~.
≈≈~~~~~~~...........~~~≈~~
≈≈≈≈~~~~~............~≈≈≈≈~
~≈≈≈≈~~~~.............≈≈≈≈≈~
≈≈≈≈≈≈~~.............~≈≈≈≈≈~
≈≈≈≈≈≈~~...mtS.......~≈≈~≈~~
≈≈≈≈≈≈~~.T°@.........~~~~~~~
≈≈≈≈≈~~~~CZ#######.~~~~~~~~~
≈≈≈≈≈~~~~ZZ#ZZ~Z?#.~~~~~~~~~
~~~~~~~~~~ZZZZZZ)#.~~~~~~~~~
~~~~~~~~~~ZZZZZZ[#.~~~~~≈
~~~~~~~~~~.'~Z~Z:#.≈≈≈≈≈≈
~~~~....~~.#~~~~)#.≈≈≈≈≈≈
.........~.#######.≈≈≈≈
.......~~~~~~~~~~~


You could see a frost giant (ally target), 3 sea snake simulacra, 2 death yak
simulacra, a manticore simulacrum, 3 harpy simulacra, a snapping turtle
simulacrum, 3 alligator snapping turtle simulacra, a centaur simulacrum, a
kraken simulacrum, 2 faun simulacra, 3 satyr simulacra, a friendly iron troll
(summoned, berserk), a friendly sea snake (summoned), a friendly snapping turtle
(summoned) and a friendly merfolk (summoned).

Vanquished Creatures
  Mlioglotl (Shoals:1)
  Rupert (D:14)
  2 krakens
  Polyphemus (Shoals:2)
  A merfolk javelineer (Shoals:2)
  3 merfolk impalers
  Snorg (Lair:5)
  Josephine (Shoals:1)
  A spectral kraken (Shoals:1)
  Erolcha (D:12)
  2 rakshasas (D:15)
  6 hydras
  A ghost crab (Shoals:1)
  A merfolk avatar (Shoals:2)
  6 boulder beetles
  4 vault guards (D:14)
  An ogre mage (D:14)
  Erica (Lair:1)
  The ghost of Tiala the Thaumaturge, a journeyman DrCj of Hepliaklqana (Lair:1)
  A satyr (Shoals:2)
  2 catoblepae
  9 two-headed ogres
  A death knight (D:15)
  6 centaur warriors
  10 death yaks
  2 tengu warriors (D:14)
  Urug (D:12)
  The ghost of Qaenuc the Nimble, a journeyman FeSu of Gozag (Lair:1)
  A goliath frog (Lair:5)
  5 skeletal warriors (D:15)
  2 sea snakes (Shoals:2)
  A glowing orange brain (D:15)
  A bog body (IceCv)
  Lodul (D:12)
  A lindwurm (Lair:5)
  A wizard (D:15)
  A necromancer (IceCv)
  7 orc knights
  2 deep elf pyromancers
  7 manticores
  An oklob plant (Lair:5)
  11 ugly things
  7 harpies
  A deep elf zephyrmancer (D:9)
  3 orc sorcerers
  6 cyclopes
  7 fauns (Shoals:2)
  6 elephants
  2 merfolk sirens
  2 water nymphs
  2 ice statues (IceCv)
  A black mamba (shapeshifter) (D:15)
  7 black mambas
  Maurice (D:9)
  A gargoyle (D:14)
  2 kobold demonologists (D:14)
  21 cane toads
  A torpor snail (Lair:5)
  An unseen horror (D:12)
  A yaktaur (D:14)
  A yaktaur (shapeshifter) (D:15)
  A spectral water nymph (Shoals:1)
  12 komodo dragons
  8 rime drakes
  2 efreet
  A spectral merfolk (Shoals:1)
  A freezing wraith (D:15)
  A tengu conjurer (D:14)
  4 anaconda simulacra (IceCv)
  17 merfolk
  6 ice devils (IceCv)
  7 trolls
  2 tyrant leeches (Lair:5)
  5 polar bears
  A hornet (shapeshifter) (D:14)
  4 wind drakes
  30 slime creatures
  21 blink frogs
  Grinder (D:4)
  5 dream sheep (Lair:4)
  7 snapping turtles
  A vampire (D:12)
  11 wraiths
  Sigmund (D:6)
  A shadow (D:12)
  56 yaks
  A water elemental (Shoals:2)
  2 dire elephant simulacra (IceCv)
  4 wyverns
  13 vampire mosquitoes
  10 steam dragons
  3 basilisks
  5 harpy simulacra
  7 wargs
  14 water moccasins
  2 hydra simulacra (IceCv)
  4 acid dragons
  Duvessa (D:4)
  A sky beast (D:7)
  2 ice beasts
  The ghost of SirLogeyBear the Chopper, an amateur HOBe of Trog (D:3)
  28 orc warriors
  8 black bears
  4 boggarts (Lair:3)
  9 wolves
  10 ogres
  23 centaurs
  A phantom (D:5)
  4 kobold brigands
  A necrophage (D:7)
  12 bullfrogs
  A two-headed ogre simulacrum (IceCv)
  A cane toad simulacrum (IceCv)
  2 gnoll sergeants
  9 wights
  Dowan (D:4)
  11 killer bees
  2 electric eels (Lair:5)
  3 howler monkeys
  3 jellies
  A hound (D:5)
  18 orc priests
  Ijyb (D:3)
  4 iguanas
  18 orc wizards
  A spriggan simulacrum (IceCv)
  The ghost of Smersh616 the Sneak, a weakling DsDe (D:4)
  4 adders
  15 gnolls
  A shadow imp (D:7)
  A white imp (D:7)
  2 ufetubi
  6 worms
  A dart slug (D:5)
  70 orcs
  5 ball pythons
  8 bats
  10 endoplasms
  5 giant cockroaches
  10 goblins
  6 hobgoblins
  21 kobolds
  5 quokkas
  4 frilled lizards
  5 rats
  2 bushes (Lair:5)
  4 tentacles
  A withered plant (Shoals:1)
823 creatures vanquished.

Vanquished Creatures (collateral kills)
  A rakshasa (D:9)
  2 ghost crabs (Shoals:1)
  A two-headed ogre (D:9)
  2 death yaks (Lair:5)
  An orc sorcerer (D:14)
  A merfolk siren (Shoals:1)
  A cane toad (Lair:5)
  A gargoyle (D:14)
  3 merfolk (Shoals:3)
  A spectral wind drake (Shoals:1)
  3 yaks (Lair:5)
  A harpy simulacrum (Shoals:3)
18 creatures vanquished.

Vanquished Creatures (others)
  24 fungi
  70 plants
  13 tentacles
  6 withered plants (Shoals:1)
113 creatures vanquished.

Grand Total: 954 creatures vanquished

Notes
Turn   | Place    | Note
-------+----------+-------------------------------------------
     0 | D:1      | Radix the Minotaur Berserker began the quest for the Orb.
     0 | D:1      | Reached XP level 1. HP: 19/19 MP: 0/0
    60 | D:1      | Found a faded altar of an unknown god.
    60 | D:1      | Noticed a sixfirhy
   215 | D:1      | Reached XP level 2. HP: 23/27 MP: 1/1
   809 | D:2      | Reached ** piety under Trog
   810 | D:2      | Reached XP level 3. HP: 34/34 MP: 2/2
  1302 | D:2      | Reached XP level 4. HP: 41/41 MP: 3/3
  1327 | D:2      | Identified the +11 whip "Yli Gafe" {vorpal, Stlth+}
  1405 | D:3      | Reached skill level 5 in Fighting
  1405 | D:3      | Reached skill level 5 in Axes
  1464 | D:3      | Reached XP level 5. HP: 21/49 MP: 4/4
  1894 | D:3      | Found a burning altar of Makhleb.
  1894 | D:3      | Noticed a cacodemon
  2149 | D:3      | Found a runed translucent gate.
  2149 | D:3      | Found a runed translucent gate.
  2150 | D:3      | Found a runed translucent gate.
  2150 | D:3      | Noticed SirLogeyBear's ghost (amateur HOBe)
  2313 | D:3      | Noticed Ijyb
  2325 | D:3      | Killed Ijyb
  2681 | D:3      | Killed SirLogeyBear's ghost
  2682 | D:3      | Reached XP level 6. HP: 58/58 MP: 5/5
  2685 | D:3      | Reached *** piety under Trog
  3051 | D:4      | Reached XP level 7. HP: 65/66 MP: 6/6
  3054 | D:4      | Noticed Dowan
  3059 | D:4      | Killed Dowan
  3080 | D:4      | Noticed Grinder
  3081 | D:4      | Noticed Duvessa
  3095 | D:4      | Killed Duvessa
  3101 | D:4      | Killed Grinder
  3593 | D:4      | Found a runed translucent door.
  3593 | D:4      | You fall into a shaft and drop 1 floor!
  3593 | D:5      | Entered Level 5 of the Dungeon
  3655 | D:5      | Reached XP level 8. HP: 69/75 MP: 7/7
  4229 | D:5      | Found a glowing golden altar of the Shining One.
  4229 | D:5      | Found a hazy altar of Hepliaklqana.
  4230 | D:5      | Found a blossoming altar of Fedhas.
  4375 | D:4      | Identified the +4 chain mail "Vor Puy" {Will- Dex+6}
  4375 | D:4      | Noticed Smersh616's ghost (weakling DsDe)
  4383 | D:4      | Killed Smersh616's ghost
  4676 | D:5      | Identified a scroll of acquirement
  4676 | D:5      | Acquired the amulet "Loul" {+Inv Regen+ Dex+4}
  4770 | D:6      | Noticed Sigmund
  4781 | D:6      | Killed Sigmund
  4782 | D:6      | Reached skill level 10 in Fighting
  4782 | D:6      | Reached skill level 10 in Axes
  4808 | D:6      | Noticed a two-headed ogre
  4814 | D:6      | Killed a two-headed ogre
  4815 | D:6      | Reached XP level 9. HP: 55/89 MP: 8/8
  4856 | D:6      | Reached **** piety under Trog
  5138 | D:6      | Found a staircase to the Ecumenical Temple.
  5972 | D:8      | Found Ypoar Cin's Antique Armour Emporium.
  5981 | D:8      | Bought a pair of glowing gloves for 247 gold pieces
  6145 | D:8      | Reached XP level 10. HP: 100/100 MP: 9/9
  6216 | D:8      | Reached ***** piety under Trog
  6687 | D:9      | Noticed Maurice
  6695 | D:9      | Killed Maurice
  7111 | D:9      | Identified the +5 dagger "Asiwanti" {drain, rPois Dex+2}
  7153 | D:9      | Found a runed translucent door.
  7153 | D:9      | Noticed a boulder beetle
  7154 | D:9      | Noticed a centaur warrior
  7160 | D:9      | Killed a boulder beetle
  7166 | D:9      | Killed a centaur warrior
  7167 | D:9      | Reached XP level 11. HP: 111/111 MP: 10/10
  7176 | D:9      | Noticed a rakshasa
  7176 | D:9      | Noticed a deep elf zephyrmancer
  7179 | D:9      | Killed a rakshasa
  7180 | D:9      | Reached skill level 15 in Fighting
  7180 | D:9      | Reached skill level 15 in Axes
  7184 | D:9      | Noticed a two-headed ogre
  7189 | D:9      | Killed a deep elf zephyrmancer
  7199 | D:9      | Killed a two-headed ogre
  7350 | D:10     | Entered Level 10 of the Dungeon
  7379 | D:10     | Found a portal to a secret trove of treasure.
  7447 | D:10     | Found a bloodstained altar of Trog.
  7484 | D:10     | Found a hide-covered altar of Uskayaw.
  8008 | D:11     | Found a staircase to the Lair.
  8069 | D:11     | Noticed a two-headed ogre
  8077 | D:11     | Killed a two-headed ogre
  8262 | D:11     | Found Pyigac's Magic Scroll Boutique.
  8344 | D:11     | Bought a scroll of enchant weapon for 112 gold pieces
  8642 | D:11     | Found a staircase to the Orcish Mines.
  8764 | Lair:1   | Entered Level 1 of the Lair of Beasts
  8790 | Lair:1   | Noticed a death yak
  8790 | Lair:1   | Noticed a death yak
  8791 | Lair:1   | Noticed a death yak
  8808 | Lair:1   | Killed a death yak
  8808 | Lair:1   | Noticed a death yak
  8818 | Lair:1   | Killed a death yak
  8819 | Lair:1   | Reached XP level 12. HP: 124/124 MP: 11/11
  8822 | Lair:1   | Killed a death yak
  8829 | Lair:1   | Killed a death yak
  8948 | Lair:1   | Found a runed translucent gate.
  8949 | Lair:1   | Found a runed translucent gate.
  8951 | Lair:1   | Found a runed translucent gate.
  8952 | Lair:1   | Noticed Qaenuc's ghost (journeyman FeSu)
  8953 | Lair:1   | Noticed Tiala's ghost (journeyman DrCj)
  8996 | Lair:1   | Killed Tiala's ghost
  8998 | Lair:1   | Killed Qaenuc's ghost
  9255 | Lair:1   | Noticed Erica
  9274 | Lair:1   | Killed Erica
  9303 | Lair:1   | Noticed an eight-headed hydra
  9310 | Lair:1   | Killed an 11-headed hydra
 10242 | Lair:2   | Noticed an eight-headed hydra
 10248 | Lair:2   | Killed an 11-headed hydra
 10587 | Lair:2   | Reached skill level 1 in Evocations
 10889 | Lair:3   | Noticed an eight-headed hydra
 10897 | Lair:3   | Killed a 13-headed hydra
 10898 | Lair:3   | Reached XP level 13. HP: 136/136 MP: 12/12
 11113 | Lair:3   | Found a hole to the Spider Nest.
 11465 | Lair:3   | Identified the +7 lajatang "Lolenuek" {vorpal, rCorr Str+9
                  | Dex-5 Stlth+}
 11535 | Lair:3   | Found a staircase to the Shoals.
 11556 | Lair:3   | Received a gift from Trog
 11795 | Lair:4   | Reached skill level 5 in Armour
 12360 | Lair:4   | Reached skill level 5 in Dodging
 12454 | Lair:4   | Found a viscous altar of Jiyva.
 12454 | Lair:4   | Found a staircase to the Slime Pits.
 12558 | Lair:4   | Reached XP level 14. HP: 146/146 MP: 13/13
 12606 | Lair:5   | Entered Level 5 of the Lair of Beasts
 12660 | Lair:5   | Noticed Snorg
 12670 | Lair:5   | Killed Snorg
 12923 | Lair:5   | Received a gift from Trog
 13057 | Lair:5   | Reached XP level 15. HP: 104/152 MP: 14/14
 13390 | Lair:5   | Reached skill level 10 in Armour
 14094 | Orc:1    | Entered Level 1 of the Orcish Mines
 14343 | Orc:1    | Received a gift from Trog
 14614 | Orc:2    | Entered Level 2 of the Orcish Mines
 14958 | Orc:2    | Found a runed translucent gate.
 14958 | Orc:2    | Found a runed translucent gate.
 14959 | Orc:2    | Found a runed translucent gate.
 14960 | Orc:2    | Noticed an orc warlord
 14964 | Orc:2    | Noticed wingedge's ghost (journeyman PaTm)
 15121 | Orc:2    | Found an iron altar of Okawaru.
 15306 | Orc:2    | Found a staircase to the Elven Halls.
 15452 | Orc:2    | Found Wiufareo's Weapon Shoppe.
 15452 | Orc:2    | Found Exaippex's Distillery.
 15454 | Orc:2    | Found Sigaut's Antique Weapon Shop.
 15456 | Orc:2    | Found Ytedukk's Jewellery Emporium.
 15542 | Orc:2    | Reached skill level 10 in Dodging
 15860 | D:8      | Bought the +2 hood of the Assassin {Detection Stab+
                  | Stlth++} for 1980 gold pieces
 15860 | D:8      | Found the +2 hood of the Assassin {Detection Stab+ Stlth++}
 16107 | D:12     | Noticed Urug
 16116 | D:12     | Killed Urug
 16146 | D:12     | Reached skill level 1 in Stealth
 16229 | D:12     | Found a frozen archway.
 16235 | D:12     | Received a gift from Trog
 16246 | IceCv    | Entered an ice cave
 16768 | D:12     | Noticed Erolcha
 16776 | D:12     | Killed Erolcha
 16862 | D:12     | Noticed Lodul
 16875 | D:12     | Killed Lodul
 17148 | D:13     | Reached skill level 5 in Stealth
 17195 | D:13     | Reached XP level 16. HP: 163/163 MP: 15/15
 17592 | D:14     | Noticed Rupert
 17618 | D:14     | Killed Rupert
 17825 | D:14     | Found a gate to the Vaults.
 18199 | D:14     | Received a gift from Trog
 18702 | D:15     | Entered Level 15 of the Dungeon
 18934 | D:15     | Reached skill level 10 in Stealth
 19659 | D:15     | Found a staircase to the Depths.
 20168 | Shoals:1 | Entered Level 1 of the Shoals
 20181 | Shoals:1 | Noticed Mlioglotl
 20188 | Shoals:1 | Killed Mlioglotl
 20242 | Shoals:1 | Noticed Josephine
 20253 | Shoals:1 | Killed Josephine
 20575 | Shoals:1 | Reached XP level 17. HP: 125/169 MP: 16/16
 20659 | Shoals:1 | Received a gift from Trog
 20767 | Shoals:1 | Noticed a kraken
 20773 | Shoals:1 | Killed a kraken
 21590 | Shoals:2 | Noticed Polyphemus
 21651 | Shoals:2 | Killed Polyphemus
 21947 | Shoals:2 | Noticed a kraken
 21965 | Shoals:2 | Killed a kraken
 22287 | Shoals:3 | Found Dar Sen's Antique Armour Emporium.
 22296 | Shoals:3 | Bought a pair of runed gloves for 142 gold pieces
 22296 | Shoals:3 | Bought a glowing cloak for 142 gold pieces
 22327 | Shoals:3 | Found Kued's Weapon Shop.
 22329 | Shoals:3 | Found Yxtoj's Assorted Antiques.
 22395 | Shoals:3 | Found a runed translucent gate.
 22400 | Shoals:3 | Found a runed translucent gate.
 22401 | Shoals:3 | Found a runed translucent gate.
 22431 | Shoals:3 | Killed from afar by a frost giant

Illustrated notes

Levels and vault maps discovered:
D:1:      eino_arrival_water_cross, layout_loops_ring,
          dreamdust_ecumenical_altar_sealed_demon
D:2:      layout_rooms
D:3:      layout_basic, makhleb_altar_promises_db,
          gammafunk_ghost_nasty_kobolds, serial_bayou_pond_b,
          minmay_crystal_room, uniq_ijyb
D:4:      layout_basic, ebering_ghost_reflecting_pool, minmay_distorted,
          uniq_duvessa, uniq_grinder
D:5:      layout_basic, gammafunk_temple_overflow_claw
D:6:      layout_loops_ring, minmay_temple_entry_wispy, serial_bayou_ford_a,
          uniq_sigmund
D:7:      layout_basic, serial_glass, glass_columns_a, glass_columns_a
D:8:      layout_gridville, serial_shops, nicolae_shop_crystal, nicolae_wwwww
D:9:      layout_cave_pools, kennysheep_path_1, minivault_13, uniq_maurice
D:10:     layout_roguey, grunt_temple_overflow_open,
          nicolae_trove_entry_free_sample
D:11:     layout_basic, david_lair_generic, hiddenorc1_lemuel, serial_shops,
          nicolae_shop_trees
D:12:     layout_cross, portal_ice_cave_rime, uniq_urug, uniq_lodul,
          uniq_erolcha
D:13:     layout_rooms, minmay_misc_feat_plants
D:14:     layout_stronghold, grunt_vaults_entry_fortified,
          minmay_staircase_windowed_large, uniq_rupert
D:15:     gammafunk_enter_depths_forms, layout_loops_ring, serial_rivers,
          chequers_serial_rivers_small_a, chequers_serial_rivers_small_a,
          chequers_serial_rivers_micro_b, chequers_serial_rivers_small_a,
          chequers_serial_rivers_micro_e, chequers_serial_rivers_small_b
Lair:1:   layout_roguey, gammafunk_ghost_cemetery, uniq_erica
Lair:2:   layout_roguey, chequers_serial_rivers_micro_a,
          bobbens_dragon_lair_wall
Lair:3:   layout_chaotic_city, elwin_shoals_entry_stream,
          spider_nest_entry_web_field, kilobyte_rumbling_trees,
          grunt_megastairs_4
Lair:4:   hellmonk_destroyed_diamonds, layout_hall_layers, slime_entry_1
Lair:5:   minmay_lair_end_frog_pond, layout_regular_city,
          minmay_lair_oklob_bushes, lemuel_fruit_tree, uniq_snorg
Shoals:1: layout_shoals, nicolae_shoals_spectral_cove, uniq_mlioglotl,
          uniq_josephine
Shoals:2: layout_shoals, uniq_polyphemus
Shoals:3: layout_shoals, serial_shops, nicolae_lakefront_shop,
          nicolae_shop_behind_doors, shop, shop_fountains,
          nicolae_shoals_beach_cooler
Orc:1:    layout_caves
Orc:2:    st_orc_rangers, layout_caves, gammafunk_ghost_fury_of_okawaru,
          basic_altar

Skill      XL: |  1  2  3  4  5  6  7  8  9 10 11 12 13 14 15 16 17 |
---------------+----------------------------------------------------+-----
Fighting       | 4 5 6 7 8 11 12 14 16 18 19 20 | 20.3
Axes           | 4 5 6 7 8 11 12 14 16 18 19 20 | 20.3
Evocations     | 1 3 |  3.0
Armour         | 3 8 9 11 | 11.2
Dodging        | 7 8 10 | 10.3
Stealth        | 5 12 14 | 14.6

Action                   |  1- 3 |  4- 6 |  7- 9 | 10-12 | 13-15 | 16-18 || total
-------------------------+-------+-------+-------+-------+-------+-------++-------
Melee: Hand axe          |    80 |     2 |       |       |       |       ||    82
       Headbutt          |     5 |     7 |    30 |   115 |   155 |   124 ||   436
       Whip              |       |    78 |   168 |       |       |       ||   246
       Punch             |       |       |     4 |    10 |     1 |       ||    15
       War axe           |       |       |    13 |   418 |   135 |       ||   566
       Battleaxe         |       |       |       |       |   548 |   551 ||  1099
Throw: Javelin           |       |       |       |       |       |     6 ||     6
Invok: Trog's Hand       |       |     1 |     4 |     8 |     5 |     5 ||    23
       Berserk           |       |     1 |       |     7 |     3 |     2 ||    13
       Brothers in Arms  |       |       |       |     3 |     2 |     5 ||    10
Evoke: Wand              |       |       |       |       |     2 |       ||     2
  Use: Scroll            |       |     2 |    18 |     9 |    15 |     4 ||    48
       Potion            |       |       |       |       |     2 |     6 ||     8
 Stab: Sleeping          |       |     1 |     3 |       |       |     7 ||    11
       Distracted        |       |       |       |     2 |       |     1 ||     3
       Invisible         |       |       |       |       |       |     5 ||     5
Armor: Animal skin       |    14 |       |       |       |       |       ||    14
       Chain mail        |    21 |    11 |       |       |       |       ||    32
       Ring mail         |       |    11 |    71 |   162 |    37 |       ||   281
       Plate armour      |       |       |       |       |   272 |   316 ||   588
Dodge: Dodged            |    41 |    29 |   117 |   184 |   406 |   409 ||  1186
       Repelled          |       |       |       |       |     5 |     9 ||    14
